[Event "Titled Tuesday Blitz December 20 Early 2022"]
[White "UnknownMagician"]
[Black "Nakamura, Hikaru"]
[BlackFideId "2016192"]
[WhiteElo "2635"]
[BlackElo "2775"]
[Result "0-1"]
[Round "02"]
[TimeControl "180+2"]
[Date "2022.12.20"]
[WhiteClock "0:00:04"]
[BlackClock "0:01:27"]

1. c4 e5 2. Nc3 Nf6 3. g3 Bc5 4. Bg2 O-O 5. d3 d6 6. Nf3 h6 7. O-O a6 8. Rb1 Bg4 9. h3 Be6 10. b4 Ba7 11. e4 Nc6 12. Nd5 Nd7 13. Nh4 Nd4 14. Be3 c6 15. Nc3 b5 16. cxb5 axb5 17. a4 bxa4 18. Nxa4 d5 19. exd5 cxd5 20. Nc3 Nf6 21. Ne2 Nb5 22. Bxa7 Rxa7 23. Nf3 Nd7 24. Qd2 Qb6 25. Nc3 Nxc3 26. Qxc3 d4 27. Qd2 Bd5 28. Rfe1 Qb7 29. Nh4 Bxg2 30. Nxg2 Rb8 31. Nh4 Qd5 32. Nf5 Nf8 33. Qe2 f6 34. Qg4 Kh7 35. h4 g6 36. h5 gxf5 37. Qxf5+ Kg7 38. Re4 Qe6 39. Rg4+ Kh8 40. Qf3 f5 41. Rh4 Nh7 42. Re1 Ng5 43. Qe2 e4 44. Kg2 Qd5 45. Kh2 Nf3+ 0-1


[Site "https://www.chess.com"]

[Event "Titled Tuesday Blitz December 20 Early 2022"]
[White "Vesper, Horst"]
[Black "AttractiveChess"]
[WhiteFideId "24677159"]
[WhiteElo "2028"]
[BlackElo "2784"]
[Result "0-1"]
[Round "02"]
[TimeControl "180+2"]
[Date "2022.12.20"]
[WhiteClock "0:00:01"]
[BlackClock "0:00:25"]

1. e4 e5 2. Nf3 Nc6 3. Bb5 a6 4. Ba4 Nf6 5. O-O Be7 6. Re1 b5 7. Bb3 O-O 8. a4 Bb7 9. d3 d6 10. Nbd2 Nb8 11. Nf1 Nbd7 12. c3 Nc5 13. Bc2 Re8 14. a5 Bf8 15. b4 Ncd7 16. Ng3 c5 17. Nf5 d5 18. Bd2 c4 19. dxc4 dxc4 20. Qe2 Qc7 21. h3 h6 22. g4 Rad8 23. Nh2 Re6 24. Nf1 Nh7 25. N1g3 Ng5 26. h4 Nh3+ 27. Kf1 Nf4 28. Qf3 g6 29. Ne3 Nf6 30. Rad1 Red6 31. g5 hxg5 32. hxg5 Nh7 33. Nd5 Nxd5 34. exd5 Bxd5 35. Be4 Be6 36. Be3 Be7 37. Rxd6 Qxd6 38. Qg2 Bxg5 39. Bxg5 Nxg5 40. Nf5 Qd2 41. Re3 Qc1+ 42. Re1 Qf4 43. Ne7+ Kf8 44. Nc6 Bh3 45. Nxd8 Nxe4 46. Rxe4 Bxg2+ 0-1


[Site "https://www.chess.com"]

[Event "Titled Tuesday Blitz December 20 Early 2022"]
[White "Viktorin, Tomas"]
[Black "gisela_roque"]
[WhiteFideId "328316"]
[WhiteElo "1971"]
[BlackElo "2096"]
[Result "1-0"]
[Round "02"]
[TimeControl "180+2"]
[Date "2022.12.20"]
[WhiteClock "0:00:10"]
[BlackClock "0:00:08"]

1. d4 Nf6 2. Nf3 e6 3. c4 d5 4. g3 Be7 5. Bg2 O-O 6. O-O dxc4 7. Qc2 a6 8. a4 Bd7 9. Bf4 Bc6 10. Qxc4 Nbd7 11. Nc3 a5 12. Rfd1 Nb6 13. Qd3 Nbd5 14. Be5 Nb4 15. Qd2 Ne4 16. Nxe4 Bxe4 17. Rac1 c6 18. Bf1 Qd5 19. Ne1 Rfd8 20. f3 Bg6 21. e4 Qd7 22. Qe3 Bd6 23. Bxd6 Qxd6 24. Be2 h5 25. Ng2 e5 26. Qg5 exd4 27. Bc4 Qf6 28. Qc5 d3 29. Nf4 Kh7 30. Qf2 Qd4 31. Nxd3 Qxf2+ 32. Kxf2 f6 33. Nf4 Be8 34. Ne6 Rxd1 35. Rxd1 b5 36. Nc7 Rc8 37. Nxe8 Rxe8 38. axb5 cxb5 39. Bxb5 Rc8 40. Rd2 Rb8 41. Bc4 Nc6 42. b3 Ne5 43. Bd5 Rb4 44. h3 h4 45. f4 hxg3+ 46. Kxg3 Ng6 47. Kg4 a4 48. bxa4 Rxa4 49. h4 Ne7 50. h5 g6 51. hxg6+ Kxg6 52. f5+ Nxf5 53. Bc6 Ne3+ 54. Kf3 Nc4 55. Rg2+ Kh6 56. Bxa4 Ne5+ 57. Kf4 1-0


[Site "https://www.chess.com"]

[Event "Titled Tuesday Blitz December 20 Early 2022"]
[White "VincentKeymer"]
[Black "Mone, Ved"]
[BlackFideId "25666290"]
[WhiteElo "2980"]
[BlackElo "1254"]
[Result "1-0"]
[Round "02"]
[TimeControl "180+2"]
[Date "2022.12.20"]
[WhiteClock "0:00:18"]
[BlackClock "0:00:20"]

1. a3 a6 2. Nf3 Nf6 3. d4 b5 4. Bg5 Ne4 5. Bh4 Bb7 6. e3 d6 7. Bd3 Nd7 8. O-O Ndf6 9. c3 e6 10. a4 bxa4 11. Qxa4+ Qd7 12. Qb3 c5 13. Nbd2 Nxd2 14. Nxd2 Be7 15. Nc4 O-O 16. Na5 Bd5 17. c4 Rfb8 18. Qc2 Bb7 19. Nxb7 Qxb7 20. Bxf6 Bxf6 21. Be4 d5 22. cxd5 exd5 23. Bxh7+ Kh8 24. Qf5 cxd4 25. Qh5 dxe3 26. fxe3 Qxb2 27. Bg6+ Kg8 28. Bxf7+ Kf8 29. Bxd5 Ra7 30. Ra4 Rd7 31. Re4 Rxd5 32. Qxd5 Rd8 33. Qxd8+ 1-0


[Site "https://www.chess.com"]

[Event "Titled Tuesday Blitz December 20 Early 2022"]
[White "Volkov, Nikolay Nik."]
[Black "Beca, Rodrigo Martins"]
[WhiteFideId "4176626"]
[BlackFideId "1954490"]
[WhiteElo "2123"]
[BlackElo "2976"]
[Result "0-1"]
[Round "02"]
[TimeControl "180+2"]
[Date "2022.12.20"]
[WhiteClock "0:00:02"]
[BlackClock "0:01:37"]

1. Nf3 c5 2. c4 Nc6 3. Nc3 g6 4. e3 Bg7 5. d4 d6 6. Be2 Nf6 7. O-O O-O 8. d5 Na5 9. e4 e5 10. Rb1 b6 11. b3 h6 12. Ne1 Qe7 13. Nd3 Nd7 14. a3 f5 15. Bd2 Nf6 16. f3 f4 17. Nf2 g5 18. b4 Nb7 19. g4 h5 20. h3 Bd7 21. Kg2 Nd8 22. Rg1 Nf7 23. Kf1 hxg4 24. fxg4 Rac8 25. Bf3 Nh8 26. bxc5 Rxc5 27. Qb3 Rfc8 28. Be2 Ng6 29. Na4 R5c7 30. Nd1 Nxe4 31. Be1 Nc5 32. Nxc5 Rxc5 33. Bf2 e4 34. Nc3 f3 35. Be1 fxe2+ 36. Kxe2 Rxc4 0-1


[Site "https://www.chess.com"]

[Event "Titled Tuesday Blitz December 20 Early 2022"]
[White "WhiteKnight2612"]
[Black "Alphafischer2019"]
[WhiteElo "2753"]
[BlackElo "2543"]
[Result "1-0"]
[Round "02"]
[TimeControl "180+2"]
[Date "2022.12.20"]
[WhiteClock "0:00:34"]
[BlackClock "0:00:09"]

1. e4 c5 2. d4 cxd4 3. c3 Nf6 4. e5 Nd5 5. cxd4 Nc6 6. Nc3 Nxc3 7. bxc3 d6 8. exd6 Qxd6 9. Nf3 g6 10. h4 h5 11. Bc4 Bg7 12. O-O O-O 13. Bg5 Bg4 14. Re1 Rae8 15. Qd3 Bxf3 16. Qxf3 e5 17. d5 Na5 18. Bb5 Rc8 19. Rad1 f5 20. Qe3 b6 21. Bf1 Rc5 22. Qd3 Rfc8 23. Qa6 R8c7 24. Rc1 e4 25. c4 Be5 26. f3 exf3 27. gxf3 Bd4+ 28. Kg2 Be5 29. Rc2 Kf7 30. Rce2 Bf6 31. Re6 Qd8 32. Rxf6+ Qxf6 33. Bxf6 Kxf6 34. Re6+ Kg7 35. Re8 Kf7 36. Ra8 Nxc4 37. Bxc4 Rxc4 38. Rxa7 Rc2+ 39. Kg3 Kf6 40. Rxc7 Ke5 41. Rxc2 f4+ 42. Kg2 1-0


[Site "https://www.chess.com"]

[Event "Titled Tuesday Blitz December 20 Early 2022"]
[White "Willi_Skibbe"]
[Black "KarstenHansch"]
[WhiteElo "2346"]
[BlackElo "2520"]
[Result "1/2-1/2"]
[Round "02"]
[TimeControl "180+2"]
[Date "2022.12.20"]
[WhiteClock "0:02:39"]
[BlackClock "0:02:37"]

1. c4 Nf6 2. Nf3 g6 3. Nc3 Bg7 4. e4 d6 5. d4 O-O 6. Be2 Nbd7 7. Be3 e5 8. O-O Ng4 9. Bg5 f6 10. Bd2 f5 11. h3 exd4 12. hxg4 dxc3 13. Bg5 cxb2 14. Bxd8 bxa1=Q 15. Qd5+ Kh8 16. Rb1 Qxb1+ 1/2-1/2


[Site "https://www.chess.com"]

[Event "Titled Tuesday Blitz December 20 Early 2022"]
[White "Willychess95"]
[Black "OparinGrigoriy"]
[WhiteElo "2661"]
[BlackElo "3013"]
[Result "1/2-1/2"]
[Round "02"]
[TimeControl "180+2"]
[Date "2022.12.20"]
[WhiteClock "0:00:12"]
[BlackClock "0:00:06"]

1. e4 c6 2. d4 d5 3. exd5 cxd5 4. Bd3 Nf6 5. c3 Nc6 6. Bf4 Bg4 7. Nf3 e6 8. Nbd2 Bd6 9. Bxd6 Qxd6 10. O-O O-O 11. Re1 Bh5 12. Qe2 Rab8 13. a4 a6 14. h3 Qc7 15. Qe3 Rfc8 16. b4 Ne7 17. Rac1 a5 18. b5 Qd8 19. Ne5 Rc7 20. b6 Rcc8 21. Rb1 Nd7 22. Nxd7 Qxd7 23. Rb5 Rc6 24. Nb3 Qd6 25. Nxa5 Rxb6 26. Rxb6 Qxb6 27. Qe5 Re8 28. Qxh5 g6 29. Qd1 Qxa5 30. Qb3 b6 31. Rb1 Ra8 32. Bb5 Rc8 33. Qb4 Nf5 34. g4 Nh4 35. Qe7 Qxc3 36. Qxh4 Qxd4 37. Qg3 Rc3 38. Qg2 e5 39. Rf1 e4 40. Qh2 Kg7 41. Qf4 Rf3 42. Qh2 Qc3 43. Be2 Rxh3 44. Qf4 Qd4 45. Rd1 Qb2 46. g5 h6 47. Rxd5 hxg5 48. Qxe4 Qa1+ 49. Bf1 Rh4 50. Qe5+ Qxe5 51. Rxe5 Rxa4 52. Rb5 Ra5 53. Rxb6 g4 54. Rb7 Rf5 55. Bc4 Rf4 56. Bd5 Kf8 57. Kg2 Rf5 58. Bc4 Rf4 59. Bxf7 Rxf7 60. Rxf7+ Kxf7 61. Kg3 Kf6 62. Kxg4 g5 63. f4 gxf4 64. Kxf4 1/2-1/2


[Site "https://www.chess.com"]

[Event "Titled Tuesday Blitz December 20 Early 2022"]
[White "Xiong, Jeffery"]
[Black "TERMINATOR_PC"]
[WhiteFideId "2047640"]
[WhiteElo "2692"]
[BlackElo "2620"]
[Result "1-0"]
[Round "02"]
[TimeControl "180+2"]
[Date "2022.12.20"]
[WhiteClock "0:01:30"]
[BlackClock "0:00:07"]

1. e4 e5 2. Nf3 Nc6 3. Nc3 Nf6 4. d4 exd4 5. Nxd4 Bb4 6. Nxc6 bxc6 7. Bd3 O-O 8. O-O d5 9. exd5 cxd5 10. h3 c6 11. Qf3 Bd6 12. Bf4 Rb8 13. b3 Be6 14. Rfe1 Re8 15. Rad1 Bxf4 16. Qxf4 Qa5 17. Na4 c5 18. Re5 c4 19. Bxc4 Qb4 20. a3 Qxa3 21. Bd3 Qd6 22. Rde1 Qc6 23. Qd4 a5 24. Rg5 Bd7 25. Ra1 Qd6 26. Qc5 Qf4 27. Rg3 Bc6 28. Qxc6 1-0


[Site "https://www.chess.com"]

[Event "Titled Tuesday Blitz December 20 Early 2022"]
[White "Yildiz, Ayse Emek"]
[Black "MrChampion_Coach"]
[WhiteFideId "6303528"]
[WhiteElo "1702"]
[BlackElo "2580"]
[Result "1-0"]
[Round "02"]
[TimeControl "180+2"]
[Date "2022.12.20"]
[WhiteClock "0:00:13"]
[BlackClock "0:00:06"]

1. e4 e5 2. Nf3 Nc6 3. Nc3 Nf6 4. a4 Bb4 5. Bd3 O-O 6. O-O Re8 7. Re1 d6 8. Nd5 Bc5 9. c3 a6 10. Bc2 Ba7 11. d4 h6 12. Be3 Bg4 13. Qd3 Nxd5 14. exd5 e4 15. Qf1 exf3 16. dxc6 bxc6 17. Qd3 g6 18. Bxh6 Bf5 19. Rxe8+ Qxe8 20. Qd2 Bxc2 21. Qxc2 fxg2 22. Qd3 a5 23. Kxg2 Qe6 24. Qf3 Qd5 25. Re1 Rb8 26. Bc1 Kf8 27. Re4 f5 28. Re2 Re8 29. Rxe8+ Kxe8 30. h4 Kf7 31. Be3 Ke6 32. Kg3 Qxf3+ 33. Kxf3 Bb6 34. c4 c5 35. d5+ Kf6 36. Bg5+ Kf7 37. Kf4 Kg7 38. Bd8 Kh6 39. Be7 Kh5 40. Kg3 Kh6 41. Bf8+ Kh5 42. Bg7 Ba7 43. Bf6 Bb6 44. Bd8 Kh6 45. Kf3 Kh5 46. Kf4 Kh6 47. Kf3 Kh5 48. Bg5 Ba7 49. Kg3 Bb6 50. Bd2 c6 51. dxc6 Bc7 52. Bf4 Bb8 53. Bg5 d5+ 54. Bf4 1-0


[Site "https://www.chess.com"]

[Event "Titled Tuesday Blitz December 20 Early 2022"]
[White "Zahid, Sanatan"]
[Black "BahadirOzen"]
[WhiteFideId "10201963"]
[WhiteElo "1930"]
[BlackElo "2853"]
[Result "1-0"]
[Round "02"]
[TimeControl "180+2"]
[Date "2022.12.20"]
[WhiteClock "0:00:18"]
[BlackClock "0:00:21"]

1. d4 d6 2. Nc3 Nf6 3. e4 e5 4. dxe5 dxe5 5. Qxd8+ Kxd8 6. Bc4 Ke8 7. Bg5 Nbd7 8. O-O-O c6 9. f4 Ng4 10. fxe5 Be7 11. Bxe7 Kxe7 12. Rf1 Ndxe5 13. Bb3 Be6 14. Nf3 Nd7 15. Bxe6 fxe6 16. h3 Nge5 17. Rf2 Rhf8 18. Rhf1 Nxf3 19. Rxf3 Rxf3 20. Rxf3 Ne5 21. Rf2 Rd8 22. Ne2 c5 23. b3 b5 24. Nc3 a6 25. Rd2 Rf8 26. a4 b4 27. Nd1 Rf4 28. Re2 a5 29. Kd2 c4 30. Nf2 Rf8 31. Ke3 Rc8 32. Kd4 Kd6 33. Rd2 cxb3 34. cxb3 Rc3 35. Nd3 Nc6+ 36. Ke3 Rxb3 37. Kf4 e5+ 38. Nxe5+ Kc5 39. Rd5+ Kb6 40. Nc4+ Kc7 41. Nxa5 Rc3 42. Nxc6 Kxc6 43. Rd8 Kc7 44. Rd5 b3 45. Rb5 Kd6 46. a5 Ke6 47. a6 Rc6 48. a7 Ra6 49. Rb6+ Rxb6 50. a8=Q b2 51. Qd5+ Ke7 52. Qc5+ Rd6 53. Qe5+ Kf7 54. Qxb2 Rf6+ 55. Ke3 Re6 56. Qb7+ Re7 57. Qd5+ Kf8 58. e5 g6 59. e6 Kg7 60. Qe5+ Kg8 61. Qf6 1-0


[Site "https://www.chess.com"]

[Event "Titled Tuesday Blitz December 20 Early 2022"]
[White "Zampronha, Wladimir Camilo"]
[Black "JoliyRoger"]
[WhiteFideId "2103087"]
[WhiteElo "2176"]
[BlackElo "2429"]
[Result "0-1"]
[Round "02"]
[TimeControl "180+2"]
[Date "2022.12.20"]
[WhiteClock "0:00:35"]
[BlackClock "0:00:32"]

1. e4 c6 2. d4 d5 3. e5 Bf5 4. Nf3 e6 5. Be2 Nd7 6. O-O h6 7. c4 Ne7 8. Nc3 a6 9. Re1 dxc4 10. Bxc4 Nd5 11. Ne4 Be7 12. Bd2 O-O 13. Rc1 Rc8 14. Bd3 Bg4 15. h3 Bh5 16. Ng3 Bg6 17. Bxg6 fxg6 18. Qc2 Kh7 19. Re4 c5 20. Rg4 Qe8 21. Qe4 Qf7 22. h4 cxd4 23. Rxc8 Rxc8 24. h5 Nf8 25. hxg6+ Nxg6 26. Nxd4 Bc5 27. Nf3 Be7 28. Nh4 Bxh4 29. Rxh4 b5 30. Nh5 Rc4 31. Nf6+ Nxf6 0-1


[Site "https://www.chess.com"]

[Event "Titled Tuesday Blitz December 20 Early 2022"]
[White "aidenzhouu"]
[Black "WizardSA"]
[WhiteElo "2386"]
[BlackElo "2098"]
[Result "0-1"]
[Round "02"]
[TimeControl "180+2"]
[Date "2022.12.20"]
[WhiteClock "0:00:35"]
[BlackClock "0:00:07"]

1. d4 d5 2. Bf4 Nf6 3. e3 e6 4. Nd2 c5 5. c3 Nc6 6. Bd3 Bd6 7. Bxd6 Qxd6 8. f4 O-O 9. Ngf3 Ne7 10. O-O Ng6 11. Ne5 Nd7 12. Qh5 Ndxe5 13. fxe5 Qe7 14. Nf3 f5 15. exf6 Rxf6 16. Ne5 Nf8 17. Rxf6 gxf6 18. Ng4 Qg7 19. Rf1 f5 20. Nh6+ Kh8 21. Nf7+ Kg8 22. Ne5 c4 23. Bc2 Ng6 24. Rf3 Bd7 25. Nxd7 Qxd7 26. g4 Rf8 27. gxf5 exf5 28. Rxf5 Rxf5 29. Qxf5 Qd8 30. Qe6+ Kg7 31. Bxg6 hxg6 32. Qe5+ Kh7 33. e4 dxe4 34. Qxe4 Qg5+ 35. Kf2 Qd2+ 36. Qe2 Qf4+ 37. Kg2 Qg5+ 38. Kf3 Qh5+ 39. Ke3 Qg5+ 40. Kf2 Qf4+ 41. Qf3 Qxh2+ 42. Ke3 Qg1+ 43. Kf4 Qc1+ 44. Ke5 Qxb2 45. Qf7+ Kh6 46. Qxc4 Qb6 47. d5 Qe3+ 48. Kd6 Qb6+ 49. Kd7 Kg7 50. Qd4+ Qxd4 51. cxd4 g5 52. Kc7 g4 53. d6 g3 54. d7 g2 55. d8=Q g1=Q 56. Qd7+ Kh6 57. Qd6+ Kh5 58. Qc5+ Kh4 59. Kxb7 Qb1+ 60. Kxa7 Qxa2+ 61. Kb7 Qb2+ 62. Kc6 Qg2+ 63. Qd5 Qc2+ 64. Qc5 Qg2+ 65. d5 Qg6+ 66. d6 Qe4+ 67. Qd5 Qa4+ 68. Kc7 Qa7+ 69. Qb7 Qc5+ 70. Kd7 Qf5+ 71. Ke7 Qh7+ 72. Ke8 Qxb7 73. d7 Qc6 74. Ke7 Qe4+ 75. Kd8 Qe5 76. Kc8 Qc5+ 77. Kb8 Qd6+ 78. Kc8 Qc6+ 79. Kd8 Kg5 80. Ke7 Qe4+ 81. Kf7 Qd5+ 82. Ke7 Qe5+ 83. Kf7 Qd6 84. Ke8 Qe6+ 85. Kd8 Kf6 86. Kc7 Qc4+ 0-1


[Site "https://www.chess.com"]

[Event "Titled Tuesday Blitz December 20 Early 2022"]
[White "alexrustemov"]
[Black "Khudoly, Kostya"]
[BlackFideId "14111454"]
[WhiteElo "2891"]
[BlackElo "2262"]
[Result "1-0"]
[Round "02"]
[TimeControl "180+2"]
[Date "2022.12.20"]
[WhiteClock "0:00:03"]
[BlackClock "0:00:05"]

1. d4 Nf6 2. c4 e6 3. Nf3 d5 4. Nc3 dxc4 5. e4 b5 6. e5 Nd5 7. Nxb5 Nb6 8. Be2 Nc6 9. a3 Qd7 10. Nc3 Be7 11. Be3 O-O 12. Qc2 Na5 13. Rd1 Bb7 14. h4 h6 15. Rh3 Kh8 16. Rg3 Nd5 17. Bd2 Nb3 18. Bxc4 Nxd2 19. Rxd2 Nf4 20. Kf1 Rad8 21. Rg4 Nd5 22. Nxd5 exd5 23. Rf4 dxc4 24. Qxc4 Bd5 25. Qc2 c5 26. dxc5 Qb5+ 27. Kg1 Bxc5 28. b4 Be7 29. Nd4 Qb7 30. Nf5 Rc8 31. Qd1 Be6 32. Nd4 Rfd8 33. Nxe6 Rxd2 34. Qxd2 fxe6 35. g3 Qd5 36. Qxd5 exd5 37. Rf7 Rc7 38. Kf1 Kg8 39. e6 Bd6 40. Rf5 Re7 41. Rxd5 Rxe6 42. h5 Kf7 43. Ra5 Re7 44. f4 Ke6 45. Kg2 Rd7 46. Kf3 Rc7 47. Ke4 Rc4+ 48. Kd3 Rc7 49. Ra6 Ke7 50. Ke4 Ke6 51. Kd4 Rd7 52. b5 Rb7 53. a4 Ke7 54. Kd5 Rd7 55. Ke4 Ke6 56. g4 Rc7 57. g5 Rc4+ 58. Kd3 Rxf4 59. Rxa7 Be7 60. gxh6 gxh6 61. b6 Rb4 62. a5 Bc5 63. Kc3 Rb1 64. Rh7 Kd6 65. Rxh6+ Kd5 66. Kc2 Rb5 67. Rg6 Rxa5 68. h6 Ra8 69. h7 Rh8 70. b7 Bd6 71. Rh6 Kc6 72. Kd3 Kxb7 73. Rxd6 Rxh7 74. Rd4 Rc7 75. Rb4+ Kc8 76. Rc4 Rc6 77. Rxc6+ Kb7 78. Rc4 Kb6 79. Kd4 Ka6 80. Kc5 Ka5 81. Rc3 Ka4 82. Rd3 1-0


[Site "https://www.chess.com"]

[Event "Titled Tuesday Blitz December 20 Early 2022"]
[White "annacramling"]
[Black "CDOEspiao"]
[WhiteElo "2219"]
[BlackElo "2486"]
[Result "0-1"]
[Round "02"]
[TimeControl "180+2"]
[Date "2022.12.20"]
[WhiteClock "0:00:03"]
[BlackClock "0:00:15"]

1. d4 Nf6 2. c4 c5 3. d5 b5 4. cxb5 a6 5. Nc3 axb5 6. e4 b4 7. Nb5 d6 8. Bc4 g6 9. e5 dxe5 10. d6 exd6 11. Bg5 Bb7 12. Bd5 Bxd5 13. Bxf6 Qxf6 14. Qxd5 Ra7 15. Nxa7 Be7 16. Nc6 O-O 17. Nxe7+ Qxe7 18. Ne2 Na6 19. O-O-O Rd8 20. h4 h5 21. Ng3 Nc7 22. Qc6 Ne6 23. Ne4 Nd4 24. Qd5 Kg7 25. g4 hxg4 26. h5 f5 27. hxg6 Kxg6 28. Ng3 Ne6 29. Qd2 Nf4 30. Kb1 b3 31. a3 c4 32. Ne2 Nd3 33. Qh6+ Kf7 34. Qh7+ Ke6 35. Rh6+ Kd7 36. Qxe7+ Kxe7 37. Nc3 Nxf2 38. Nd5+ Kd7 39. Rh7+ Kc6 40. Rc7+ Kb5 41. Nc3+ Kb6 42. Rf7 f4 43. Nd5+ Kc6 44. Nb4+ Kb6 45. Rf6 Ne4 46. Re6 g3 47. Nd5+ Kc5 48. Nf6 Nxf6 49. Rxf6 g2 50. Rg1 Rg8 51. a4 Kd4 52. a5 d5 53. a6 Ke3 54. a7 f3 55. Rb6 f2 56. Rd1 f1=Q 0-1


[Site "https://www.chess.com"]

[Event "Titled Tuesday Blitz December 20 Early 2022"]
[White "bazar-wokzal"]
[Black "Battlecruiser_Operational"]
[WhiteElo "2582"]
[BlackElo "2428"]
[Result "0-1"]
[Round "02"]
[TimeControl "180+2"]
[Date "2022.12.20"]
[WhiteClock "0:00:12"]
[BlackClock "0:00:12"]

1. e4 e6 2. c4 d5 3. cxd5 exd5 4. Qb3 dxe4 5. Bc4 Qe7 6. Nc3 Nf6 7. d3 Nc6 8. Bg5 Nd4 9. Qa4+ Bd7 10. Bxf7+ Kxf7 11. Qxd4 exd3+ 12. Kf1 Qd6 13. Nf3 Qxd4 14. Nxd4 c5 15. Nf3 Bd6 16. b3 h6 17. Bxf6 gxf6 18. Rd1 Bf5 19. Ne1 Be5 20. Nd5 Rhd8 21. Ne3 Bh7 22. g3 a5 23. Kg2 a4 24. Nf3 Bc3 25. Nd2 axb3 26. axb3 Ra2 27. Ndc4 b5 28. Nb6 Ra6 29. Nbd5 Be4+ 30. f3 Bxd5 31. Rxd3 Bxf3+ 32. Kxf3 Rxd3 33. Ke4 Rad6 34. Nf5 Rd7 35. Nxh6+ Kg6 36. Nf5 c4 37. bxc4 bxc4 38. h4 R7d5 39. h5+ Kh7 40. g4 Re5+ 41. Kf4 Bd2+ 0-1


[Site "https://www.chess.com"]

[Event "Titled Tuesday Blitz December 20 Early 2022"]
[White "bennyficial"]
[Black "Almaguer, Reynaldo"]
[BlackFideId "3503062"]
[WhiteElo "2145"]
[BlackElo "2163"]
[Result "0-1"]
[Round "02"]
[TimeControl "180+2"]
[Date "2022.12.20"]
[WhiteClock "0:00:02"]
[BlackClock "0:00:25"]

1. Nf3 Nf6 2. c4 g6 3. b3 Bg7 4. Bb2 O-O 5. g3 d6 6. d4 Nc6 7. d5 Nb8 8. Bg2 e5 9. dxe6 fxe6 10. O-O Nc6 11. Re1 e5 12. Nc3 h6 13. Nd5 Be6 14. Qc2 Bf5 15. e4 Bg4 16. Nh4 g5 17. Nf3 Nd7 18. Nd2 Nc5 19. f3 Bd7 20. Nf1 Ne6 21. Rad1 Ned4 22. Bxd4 Nxd4 23. Qd3 a5 24. Nc3 Qc8 25. Ne2 Ne6 26. Ne3 Nc5 27. Qd2 Bh3 28. Nc3 Bxg2 29. Qxg2 Qe6 30. Ncd5 Qf7 31. Nf5 Rad8 32. Rd2 Ne6 33. Red1 Nd4 34. Nxd4 exd4 35. Rd3 c6 36. Nb6 Qe7 37. Na4 d5 38. cxd5 cxd5 39. exd5 Rxd5 40. Nb2 Re5 41. Nc4 Re2 42. Qh3 Re1+ 43. Rxe1 Qxe1+ 44. Qf1 Qe6 45. Kg2 b5 46. Nd2 Re8 47. Ne4 g4 48. Qf2 gxf3+ 49. Qxf3 Qxe4 0-1


[Site "https://www.chess.com"]

[Event "Titled Tuesday Blitz December 20 Early 2022"]
[White "davidkalashian"]
[Black "RamonManon0g"]
[WhiteElo "2707"]
[BlackElo "2372"]
[Result "1-0"]
[Round "02"]
[TimeControl "180+2"]
[Date "2022.12.20"]
[WhiteClock "0:01:18"]
[BlackClock "0:01:42"]

1. e4 c5 2. Nc3 d6 3. Nf3 a6 4. d4 cxd4 5. Nxd4 Nf6 6. h3 e5 7. Nde2 Be7 8. g4 h6 9. Bg2 O-O 10. O-O Nbd7 11. Ng3 Nc5 12. Be3 b5 13. Nf5 Bxf5 14. exf5 Rc8 15. Nd5 Nce4 16. Nxe7+ Qxe7 17. c3 Rfd8 18. a4 d5 19. axb5 axb5 20. Ra7 Qd6 21. Qe2 b4 22. cxb4 Qxb4 23. h4 d4 24. Bxh6 d3 25. Qe3 Nxg4 26. Qxe4 Qxe4 27. Bxe4 Nxh6 28. Rd1 d2 29. Kf1 Rc1 30. Ke2 Ng4 31. Rxd2 Rxd2+ 32. Kxd2 Nxf2 33. Kxc1 Nxe4 34. b4 1-0


[Site "https://www.chess.com"]

[Event "Titled Tuesday Blitz December 20 Early 2022"]
[White "deibittowers"]
[Black "Caisachess"]
[WhiteElo "2072"]
[BlackElo "2409"]
[Result "1-0"]
[Round "02"]
[TimeControl "180+2"]
[Date "2022.12.20"]
[WhiteClock "0:00:21"]
[BlackClock "0:00:34"]

1. e4 e5 2. Bc4 Nf6 3. Nc3 Nxe4 4. Qh5 Nd6 5. Qxe5+ Qe7 6. Qxe7+ Bxe7 7. Be2 Nf5 8. Nf3 c6 9. g4 Nh4 10. Nxh4 Bxh4 11. Ne4 Be7 12. d4 d5 13. Ng3 O-O 14. Bf4 Nd7 15. f3 Re8 16. Kf2 Nf8 17. Bd3 Ne6 18. Be3 c5 19. c3 c4 20. Bc2 b5 21. a3 a5 22. Nf5 Bf8 23. Rhe1 Bd7 24. h4 b4 25. axb4 axb4 26. Bd2 b3 27. Rxa8 Rxa8 28. Bb1 Ra1 29. Ne3 Ra5 30. Ng2 Bd6 31. Ne3 Bc6 32. Nf5 Bf8 33. g5 g6 34. Ne3 Be7 35. Ng4 Kf8 36. Ne5 Bb7 37. Nd7+ Ke8 38. Ne5 Bd6 39. Ng4 Be7 40. f4 Bd6 41. f5 gxf5 42. Bxf5 Ra2 43. Bc1 Ke7 44. Nf6 h6 45. Ng8+ Kf8 46. Nxh6 Nxd4 47. cxd4 c3 48. Bd7 Be7 49. Nf5 cxb2 50. Bxb2 Rxb2+ 51. Kf3 Rc2 52. Rxe7 b2 53. Re8# 1-0


[Site "https://www.chess.com"]

[Event "Titled Tuesday Blitz December 20 Early 2022"]
[White "dirk_da_player"]
[Black "Sergey85Rodchenkov"]
[WhiteElo "2339"]
[BlackElo "2458"]
[Result "1-0"]
[Round "02"]
[TimeControl "180+2"]
[Date "2022.12.20"]
[WhiteClock "0:00:19"]
[BlackClock "0:00:14"]

1. e4 c5 2. c3 Nf6 3. e5 Nd5 4. d4 cxd4 5. Nf3 d6 6. Bc4 Nb6 7. Bb3 Nc6 8. exd6 Qxd6 9. O-O Be6 10. Bxe6 Qxe6 11. Nxd4 Nxd4 12. cxd4 Qd7 13. Nc3 e6 14. Qg4 h5 15. Qg5 Rd8 16. Be3 Nd5 17. Rac1 f6 18. Qg6+ Qf7 19. Qe4 Be7 20. Nxd5 exd5 21. Qf3 Bd6 22. Bf4 O-O 23. h3 Rfe8 24. Bxd6 Rxd6 25. Rc5 b6 26. Rc2 Qg6 27. Rfc1 Kh7 28. Rc7 Re4 29. Rxa7 Rd8 30. Rcc7 Rg8 31. Qc3 Qf5 32. Rd7 h4 33. Rab7 Qf4 34. Re7 Rc8 35. Rxg7+ Kh6 36. Rh7+ Kg6 37. Rbg7+ 1-0


[Site "https://www.chess.com"]

[Event "Titled Tuesday Blitz December 20 Early 2022"]
[White "dropstoneDP"]
[Black "FaustinoOro"]
[WhiteElo "3038"]
[BlackElo "2633"]
[Result "1-0"]
[Round "02"]
[TimeControl "180+2"]
[Date "2022.12.20"]
[WhiteClock "0:01:26"]
[BlackClock "0:00:13"]

1. e4 e5 2. Nf3 Nc6 3. Nc3 Nf6 4. d4 exd4 5. Nxd4 Bb4 6. Nxc6 bxc6 7. Bd3 O-O 8. O-O d5 9. exd5 cxd5 10. Bg5 c6 11. Qf3 Be6 12. Ne2 Bd6 13. Nd4 Bd7 14. Rfe1 h6 15. Bh4 Re8 16. Rxe8+ Bxe8 17. Nf5 Be5 18. c3 Bd7 19. Re1 Bxf5 20. Qxf5 g5 21. Bxg5 hxg5 22. Qxg5+ Kf8 23. Qh6+ Kg8 24. Rxe5 1-0


[Site "https://www.chess.com"]

[Event "Titled Tuesday Blitz December 20 Early 2022"]
[White "emeli_chess"]
[Black "Albano, Marco"]
[BlackFideId "801178"]
[WhiteElo "2405"]
[BlackElo "2291"]
[Result "1-0"]
[Round "02"]
[TimeControl "180+2"]
[Date "2022.12.20"]
[WhiteClock "0:00:32"]
[BlackClock "0:00:03"]

1. d4 Nf6 2. Bg5 Ne4 3. Bh4 d5 4. f3 Nf6 5. Bxf6 exf6 6. e3 Bd6 7. Ne2 O-O 8. Ng3 f5 9. Bd3 Qh4 10. f4 Re8 11. O-O Rxe3 12. Bxf5 Bxf4 13. Bxc8 Rxg3 14. Rxf4 Qxf4 15. hxg3 Qe3+ 16. Kh2 Nc6 17. Bh3 Re8 18. Nc3 Nxd4 19. Qd3 Qe5 20. Rd1 c5 21. Qf1 h5 22. Qf4 Qe7 23. Nxd5 Qe2 24. Rd2 Qe1 25. Rf2 f6 26. Nxf6+ gxf6 27. Qxf6 Rf8 28. Qxf8+ Kh7 29. Rf7+ Kg6 30. Qg7# 1-0


[Site "https://www.chess.com"]

[Event "Titled Tuesday Blitz December 20 Early 2022"]
[White "frequentblunders"]
[Black "Guliev, Logman"]
[BlackFideId "13400061"]
[WhiteElo "2156"]
[BlackElo "2250"]
[Result "0-1"]
[Round "02"]
[TimeControl "180+2"]
[Date "2022.12.20"]
[WhiteClock "0:02:18"]
[BlackClock "0:02:12"]

1. e4 c5 2. Nc3 Nc6 3. f4 g6 4. Nf3 Bg7 5. Bb5 d6 6. O-O Bd7 7. d3 e6 8. g4 Nge7 9. Be3 f5 10. gxf5 exf5 11. Qe2 O-O 12. Rae1 a6 13. Bc4+ Kh8 14. a4 Qc7 15. Ng5 h6 16. Ne6 Bxe6 17. Bxe6 Nd4 18. Qg2 Nxe6 19. Nd5 Nxd5 20. exd5 Nd4 21. Qxg6 Nxc2 22. Re2 Nxe3 0-1


[Site "https://www.chess.com"]